 Dungeon Crawl Stone Soup version 0.31.0-11-ge490571c62 (webtiles) character file.

Game seed: 14890692483439200488

21 hawla the Trooper (level 2, 0/27 HPs)
             Began as a Minotaur Fighter on Feb 2, 2024.
             Slain by a gnoll
             ... wielding a +0 spear
              (6 damage)
             ... on level 2 of the Dungeon.
             The game lasted 00:01:25 (749 turns).

hawla the Trooper (Minotaur Fighter)                 Turns: 749, Time: 00:01:25

Health: 0/27       AC:  8    Str: 20    XL:     2   Next: 65%
Magic:  1/1        EV:  5    Int:  5    God:
Gold:   60         SH:  0    Dex:  9    Spells: 1/1 levels left

rFire   . . .        a - +0 war axe
rCold   + . .        c - +0 buckler
rNeg    . . .        b - +0 scale mail
rPois   .            (helmet restricted)
rElec   .            m - +0 cloak
rCorr   .            (no gloves)
SInv    .            (no boots)
Will    .....        (no amulet) Stlth
                     n - ring of protection from cold
HPRegen 0.24/turn    (no ring)
MPRegen 0.07/turn

%: no passive effects
@: held
A: horns 2, retaliatory headbutt
a: no special abilities


You were on level 2 of the Dungeon.
You visited 1 branch of the dungeon, and saw 2 of its levels.

You collected 60 gold pieces.

Inventory:

Hand Weapons
 a - a +0 war axe (weapon)
Armour
 b - a +0 scale mail (worn)
 c - a +0 buckler (worn)
 m - a +0 cloak (worn)
Jewellery
 n - a ring of protection from cold (left hand)
Scrolls
 e - a scroll of fog {unknown}
 i - a scroll of fear {unknown}
 j - a scroll of enchant weapon {unknown}
 k - 2 scrolls of identify {unknown}
 l - a scroll of teleportation {unknown}
Potions
 d - 3 potions of might
 f - a potion of lignification {unknown}
 g - 2 potions of brilliance {unknown}
 h - a potion of heal wounds {unknown}
 o - 2 potions of mutation {unknown}


   Skills:
 - Level 3.8 Fighting
 + Level 3.4 Axes
 - Level 3.8 Armour
 - Level 3.8 Shields


You had one spell level left.
You didn't know any spells.
Your spell library contained the following spells:

 Spells                   Type           Power      Damage    Failure   Level
 Kiss of Death            Conj/Necr      0%         2d5       88%         1
 Shock                    Conj/Air       0%         1d3       88%         1
 Confusing Touch          Hex            0%         N/A       99%         3
 Swiftness                Air            0%         N/A       99%         3
 Airstrike                Air            0%         2d(0-16)  100%        4
 Dispel Undead            Necr           0%         3d6       100%        4


Dungeon Overview and Level Annotations

Branches:
Dungeon (2/15)

Altars:


Innate Abilities, Weirdness & Mutations

You have a pair of horns on your head.
You reflexively headbutt those who attack you in melee.


Message History

A kobold is nearby!
A kobold is nearby!
A kobold is nearby!
You see here 2 yellow potions.
The kobold throws a stone.
The stone hits you but does no damage.
Found a stone staircase leading up.
The kobold completely misses you.
You slash the kobold!
You kill the kobold!
No target in view!
o - 2 yellow potions You now have 60 gold pieces (gained 11).
k - 2 scrolls labelled YRITAE KUMEIR (gained 1) 2 gnolls come into view.
A gnoll is wielding a +0 halberd and quivering 2 throwing nets.
The gnoll shouts!
The gnoll throws a throwing net.
The throwing net hits you.
You become entangled in the net!
A gnoll comes into view.
It is wielding a +0 spear and quivering 2 throwing nets.
You see here a throwing net.
You struggle against the net.
A gnoll comes into view. It is wielding a +0 whip.
You struggle against the net.
You struggle against the net.
You rip the net and break free!
The gnoll barely misses you. You furiously retaliate!
You headbutt the gnoll! The gnoll attacks as it pursues you!
The gnoll hits you from afar with a +0 halberd.
The gnoll attacks as it pursues you! You block the gnoll's attack.
The gnoll hits you with a +0 club. The gnoll attacks as it pursues you!
The gnoll barely misses you.
The gnoll throws a throwing net.
The throwing net hits you.
You become entangled in the net!
You see here a throwing net.
You struggle against the net.
The gnoll hits you but does no damage.
The gnoll hits you from afar with a +0 halberd!
* * * LOW HITPOINT WARNING * * *
Unknown command.
You struggle against the net.
The gnoll hits you from afar with a +0 spear.
You die...

..# ..# ..#
#.#######..#
...........#
........g#.#
###gg#.#########
#...g..#.......#
#####.##@###.# #.#
#........###.#####.##
####.#..............<#
.........#####.#####..#
....^......# #.# #..#
#####.###..# #.# #..#
#. .......).......# #.
#.#..##.######.# .
#<.##.# #.#


You could see 4 gnolls.

Vanquished Creatures
  A bat (D:1)
  A giant cockroach (D:1)
  3 goblins (D:1)
  3 hobgoblins (D:1)
  A ball python (D:1)
  2 frilled lizards (D:1)
  7 kobolds
  2 rats (D:1)
20 creatures vanquished.

Notes
Turn   | Place    | Note
-------+----------+-------------------------------------------
     0 | D:1      | hawla the Minotaur Fighter began the quest for the Orb.
     0 | D:1      | Reached XP level 1. HP: 19/19 MP: 0/0
   185 | D:1      | Reached XP level 2. HP: 22/27 MP: 1/1
   749 | D:2      | Slain by a gnoll

Illustrated notes

Levels and vault maps discovered:
D:1:      dpeg_arrival_water_temple_mockup, layout_loops_ring
D:2:      layout_basic, chequers_serial_rivers_micro_c, nrook_mini_vaults,
          grunt_ministairs_10

Skill      XL: |  1  2 |
---------------+-------+-----
Axes           | 3 |  3.4
Fighting       | |  3.8
Armour         | |  3.8
Shields        | |  3.8

Action                     || total
---------------------------++-------
  Melee: War axe           ||    30
         Headbutt          ||     2
 Armour: Scale mail        ||    20
  Dodge: Dodged            ||    18
  Block: Buckler           ||     6
